 Dungeon Crawl Stone Soup version 0.31-a0-1027-gfb7600b534 (webtiles) character file.

Game seed: 16881095259937029594

1988330 confidenceinterval the Middleweight Champion (level 27, 250/250 HPs)
             Began as a Ghoul Gladiator on Nov 17, 2023.
             Was a High Priest of Okawaru.
             Escaped with the Orb
             ... and 4 runes on Nov 18, 2023!
             The game lasted 02:58:44 (93812 turns).

confidenceinterval (GhGl)                          Turns: 93812, Time: 02:58:45

Health: 250/250    AC: 48    Str: 30    XL:     27
Magic:  36/36      EV: 10    Int:  8    God:    Okawaru [*****.]
Gold:   9211       SH: 21    Dex: 10    Spells: 41/46 levels left

rFire   + +          +
                       - Unarmed
rCold   + + .        g - +3 kite shield {rF+}
rNeg    + + +        w - +7 gold dragon scales
rPois   ∞            J - +2 helmet {Int+3}
rElec   +            p - +4 dragonskin cloak
rCorr   .            s - +3 pair of gauntlets of War {Slay+5}
SInv    +            R - +2 pair of boots {Stlth+}
Will    +++..        W - amulet "Ziorcho" {Reflect SH+5 SInv} Stlth
                     y - ring "Pelemaly" {rElec rPois rF+ Will+}
HPRegen 0.00/turn    E - ring of Etrora {Fly rF++}
MPRegen 0.25/turn

%: reflection
@: flying, inhibited regen, studying 5 skills
A: claws 1, cold resistance 1, negative energy resistance 3, inhibited
regeneration, torment resistance 2, devour on kill
0: Orb of Zot
}: 4/15 runes: serpentine, barnacled, slimy, silver
a: Renounce Religion, Heroism, Finesse, Duel


You escaped.
You worshipped Okawaru.
Okawaru was extremely pleased with you.
You visited 13 branches of the dungeon, and saw 57 of its levels.
You visited the Abyss 1 time.
You also visited: Trove and Ice Cave.

You collected 9993 gold pieces.
You spent 782 gold pieces at shops.

Inventory:

Missiles
 c - 8 throwing nets
 d - 26 javelins
 P - 11 curare-tipped darts
 T - 26 silver javelins (quivered)
Armour
 g - a +3 kite shield of fire resistance (worn)
 m - the +0 pearl dragon scales of Keraor {Fly rF+ rN+ Slay+2}
   (You took it off a deep elf blademaster on level 3 of the Elven Halls)

   Slay+2:    It affects your accuracy & damage with ranged weapons and melee
   (+2).
   rF+:       It protects you from fire.
   rN+:       It protects you from negative energy.
   Fly:       It grants you flight.
 p - the +4 dragonskin cloak (worn)
   (You took it off Tiamat on level 1 of the Realm of Zot)

   Avatar's Aegis: It grants the wearer a chance to resist fire, cold, poison,
   electricity, acid, and negative energy.
 s - the +3 pair of gauntlets of War (worn) {Slay+5}
   (You found it on level 3 of the Elven Halls)

   Slay+5:    It affects your accuracy & damage with ranged weapons and melee
   (+5).
 w - +7 gold dragon scales (worn)
 A - the +3 warlock's mirror {omnireflect}
   (You found it on level 3 of the Vaults)

   Omnireflect: It can block and reflect piercing ranged attacks and magical
   attacks against the wielder's willpower.
 G - the +10 shadow dragon scales of Magic {Int+8 Dex+4 Slay-4 Stlth++++}
   (You acquired it on level 5 of the Lair of Beasts)

   Int+8:     It affects your intelligence (+8).
   Dex+4:     It affects your dexterity (+4).
   Slay-4:    It affects your accuracy & damage with ranged weapons and melee
   (-4).
   Stlth++++: It makes you much more stealthy.
 J - a +2 helmet of intelligence (worn)
 N - the +10 plate armour of Absence {Harm rC+ Str-4}
   (You found it on level 10 of the Dungeon)

   Str-4:     It affects your strength (-4).
   rC+:       It protects you from cold.
   Harm:      It increases damage dealt and taken.
 R - a +2 pair of boots of stealth (worn)
Jewellery
 b - a ring of resist corrosion
 h - the ring of Lurum {AC+4 Str+3 SInv}
   (You found it on level 3 of the Depths)

   [ring of protection]

   AC+4:      It affects your AC (+4).
   Str+3:     It affects your strength (+3).
   SInv:      It lets you see invisible.
 y - the ring "Pelemaly" (left hand) {rElec rPois rF+ Will+}
   (You took it off a tengu reaver on level 3 of the Vaults)

   [ring of protection from fire]

   rF+:       It protects you from fire.
   rElec:     It insulates you from electricity.
   rPois:     It protects you from poison Will+: It increases your willpower.
 E - the ring of Etrora (right hand) {Fly rF++}
   (You took it off a deep elf blademaster on level 3 of the Elven Halls)

   [ring of flight]

   rF++:      It greatly protects you from fire.
   Fly:       It grants you flight.
 O - a ring of see invisible
 Q - the ring "Xaesaoc" {rPois rC- Will++ MP+9 SInv}
   (You found it on level 5 of the Pits of Slime)

   [ring of see invisible]

   rC-:       It makes you vulnerable to cold.
   rPois:     It protects you from poison Will++: It greatly increases your
   willpower.
   MP+9:      It affects your magic capacity (+9).
   SInv:      It lets you see invisible.
 W - the amulet "Ziorcho" (around neck) {Reflect SH+5 SInv}
   (You found it on level 5 of the Pits of Slime)

   [amulet of reflection]

   Reflect:   It reflects blocked missile attacks.
   SInv:      It lets you see invisible.
   SH+5:      It affects your SH (+5).
 X - the ring of Vistroc {Wiz Int+7 Dex+2}
   (You found it on level 5 of the Pits of Slime)

   [ring of wizardry]

   Wiz:       It improves your spell success rate.
   Int+7:     It affects your intelligence (+7).
   Dex+2:     It affects your dexterity (+2).
Wands
 q - a wand of polymorph (15)
 r - a wand of roots (52)
 t - a wand of flame (2)
 u - a wand of mindburst (35)
 C - a wand of quicksilver (45)
 K - a wand of digging (40)
Scrolls
 a - 3 scrolls of torment
 f - 3 scrolls of enchant armour
 i - 4 scrolls of blinking
 j - 12 scrolls of fear
 l - 30 scrolls of teleportation
 n - 5 scrolls of poison
 o - 2 scrolls of immolation
 B - 8 scrolls of revelation
 V - 4 scrolls of silence
 Y - 8 scrolls of fog
Potions
 e - 12 potions of might
 k - 5 potions of invisibility
 v - 3 potions of haste
 x - 6 potions of resistance
 D - 2 potions of heal wounds
 F - 9 potions of enlightenment
 L - 3 potions of cancellation
 U - 16 potions of curing
Miscellaneous
 H - a lightning rod (4/4)


   Skills:
 - Level 21.0 Fighting
 + Level 18.8 Throwing
 - Level 20.0 Armour
 - Level 12.0 Dodging
 - Level 10.0 Stealth
 - Level 18.0 Shields
 O Level 27 Unarmed Combat
 - Level 10.0 Spellcasting
 - Level 14.0 Necromancy
 - Level 5.0 Ice Magic
 - Level 12.0 Earth Magic
 - Level 15.0 Invocations


You had 41 spell levels left.
You knew the following spells:

 Your Spells              Type           Power      Damage    Failure   Level
a - Borgnjor's Vile Clut  Necr/Erth      12%        N/A       26%         5

Your spell library contained the following spells:

 Spells                   Type           Power      Damage    Failure   Level
 Necrotise                Necr           100%       1d9       1%          1
 Vampiric Draining        Necr           26%        2d7       1%          3
 Dispel Undead            Necr           26%        3d13      6%          4
 Kiss of Death            Conj/Necr      60%        2d10      11%         1
 Agony                    Necr           26%        N/A       17%         5
 Lee's Rapid Deconstruct  Erth           11%        3d8*      36%         5
 Cigotuvi's Dreadful Rot  Necr/Pois/Air  22%        N/A       41%         2
 Stone Arrow              Conj/Erth      26%        3d8       45%         3
 Frozen Ramparts          Ice            24%        1d4       58%         3
 Ozocubu's Armour         Ice            12%        N/A       58%         3
 Anguish                  Hex/Necr       7%         N/A       73%         4
 Brom's Barrelling Bould  Conj/Erth      13%        2d4       86%         4
 Leda's Liquefaction      Hex/Erth       6%         N/A       86%         4
 Petrify                  Tmut/Erth      13%        N/A       86%         4
 Apportation              Tloc           8%         N/A       89%         1
 Foxfire                  Conj/Fire      16%        2x1d4     89%         1
 Magic Dart               Conj           16%        1d3       89%         1
 Shock                    Conj/Air       16%        1d4       89%         1
 Slow                     Hex            16%        N/A       89%         1
 Hailstorm                Conj/Ice       8%         3d4       91%         3
 Blink                    Tloc           8%         N/A       96%         2
 Jinxbite                 Hex            8%         N/A       96%         2
 Lesser Beckoning         Tloc           8%         N/A       96%         2
 Poisonous Vapours        Pois/Air       8%         N/A       96%         2
 Scorch                   Fire           8%         2d5       96%         2
 Searing Ray              Conj           8%         2d4       96%         2
 Static Discharge         Conj/Air       8%         3-4/arc   96%         2
 Confusing Touch          Hex            4%         N/A       99%         3
 Dazzling Flash           Conj/Hex       8%         N/A       99%         3
 Gell's Gravitas          Tloc           4%         N/A       99%         3
 Ignite Poison            Fire/Tmut/Pois 4%         N/A       99%         3
 Inner Flame              Hex/Fire       4%         N/A       99%         3
 Mephitic Cloud           Conj/Pois/Air  4%         N/A       99%         3
 Sigil of Binding         Hex            4%         N/A       99%         3
 Swiftness                Air            4%         N/A       99%         3
 Teleport Other           Tloc           4%         N/A       99%         3
 Volatile Blastmotes      Fire/Tloc      8%         2d10      99%         3
 Airstrike                Air            2%         2d(1-17)  100%        4
 Cause Fear               Hex            2%         N/A       100%        4
 Dimensional Bullseye     Hex/Tloc       2%         N/A       100%        4
 Flame Wave               Conj/Fire      4%         2d5       100%        4
 Fulminant Prism          Conj/Hex       2%         3d5       100%        4
 Iskenderun's Mystic Bla  Conj/Tloc      4%         2d3       100%        4
 Manifold Assault         Tloc           4%         N/A       100%        4
 Olgreb's Toxic Radiance  Pois           4%         N/A       100%        4
 Passage of Golubria      Tloc           4%         N/A       100%        4
 Sticky Flame             Conj/Fire      4%         2d3       100%        4
 Vhi's Electric Charge    Tloc/Air       8%         N/A       100%        4
 Alistair's Intoxication  Tmut/Pois      2%         N/A       100%        5
 Arcjolt                  Conj/Air       2%         1d12      100%        5
 Fireball                 Conj/Fire      2%         3d4       100%        5
 Freezing Cloud           Conj/Ice/Air   3%         6-21      100%        5
 Iskenderun's Battlesphe  Conj           4%         2d6       100%        5
 Metabolic Englaciation   Hex/Ice        4%         N/A       100%        5
 Silence                  Hex/Air        2%         N/A       100%        5
 Yara's Violent Unravell  Hex/Tmut       2%         3d3       100%        5
 Bombard                  Conj/Erth      6%         9d2       100%        6
 Conjure Ball Lightning   Conj/Air       2%         3x3d6     100%        6
 Dispersal                Tloc           2%         N/A       100%        6
 Eringya's Noxious Bog    Tmut/Pois      2%         4d6       100%        6
 Plasma Beam              Fire/Air       2%         2x1d12    100%        6
 Starburst                Conj/Fire      2%         6d3       100%        6
 Enfeeble                 Hex            2%         N/A       100%        7
 Orb of Destruction       Conj           2%         9d5       100%        7
 Ozocubu's Refrigeration  Ice            6%         4d8       100%        7
 Discord                  Hex            2%         N/A       100%        8
 Disjunction              Tloc           2%         N/A       100%        8
 Ignition                 Fire           2%         3d3       100%        8
 Lehudib's Crystal Spear  Conj/Erth      6%         10d3      100%        8
 Maxwell's Capacitive Co  Air            2%         ∞         100%        8
 Chain Lightning          Conj/Air       2%         3d2       100%        9
 Fire Storm               Conj/Fire      2%         8d1       100%        9
 Polar Vortex             Ice            6%         N/A       100%        9
 Shatter                  Erth           11%        3d12*     100%        9
 Animate Armour           Summ/Erth      Unusable   N/A       N/A         4
 Summon Small Mammal      Summ           Unusable   N/A       N/A         1
 Call Canine Familiar     Summ           Unusable   N/A       N/A         3
 Summon Guardian Golem    Hex/Summ       Unusable   N/A       N/A         3
 Simulacrum               Ice/Necr       Unusable   N/A       N/A         6
 Summon Mana Viper        Hex/Summ       Unusable   N/A       N/A         5
 Summon Cactus Giant      Summ           Unusable   N/A       N/A         6
 Spellforged Servitor     Conj/Summ      Unusable   N/A       N/A         7

Dungeon Overview and Level Annotations

Branches:
Dungeon (15/15)            Temple (1/1) D:7            Lair (5/5) D:10
 Shoals (4/4) Lair:3        Snake (4/4) Lair:3        Slime (5/5) Lair:4
    Orc (2/2) D:10            Elf (3/3) Orc:2        Vaults (5/5) D:14
  Crypt (3/3) Vaults:2       Tomb (0/3) Crypt:3      Depths (4/4) D:15
   Hell (visited)             Zot (5/5) Depths:4      IceCv (visited)
    Dis: Hell:1         Geh: Hell:1         Coc: Hell:1         Tar: Hell:1

Altars:
Ashenzari
Cheibriados
Dithmenos
Fedhas
Gozag
Hepliaklqana
Kikubaaqudgha
Makhleb
Nemelex Xobeh
Okawaru
Qazlal
Ru
Sif Muna
Trog
Uskayaw
Vehumet
Wu Jian
Xom
Yredelemnul
Jiyva
Lugonu

Shops:
D:1 [(=   D:12 ?   D:14 :   Orc:1 :   Orc:2 [*(*   Elf:1 [   Shoals:2 !
Snake:2 :[   Vaults:2 :*?*   Vaults:3 !   Vaults:4 [   Depths:3 :==
Depths:4 [

Portals:
Hell: Depths:1 Depths:2 Depths:3 Depths:4
Abyss: Depths:1 Depths:2 Depths:3 Depths:4
Pandemonium: Depths:2 Depths:4
Ziggurat: Depths:3

Annotations:
Shoals:3 Mara
Snake:2 Roxanne
Snake:4 3 runed translucent doors, topfpfpflanze's ghost, adept FeCj
Elf:1 exclusion: orange crystal statue
Vaults:2 8 runed translucent doors, vegansnacktivist's ghost, adept DDFi
Hell Geryon


Innate Abilities, Weirdness & Mutations

You are immune to poison.
You have sharp fingernails.
Your flesh is cold resistant. (rC+)
You are immune to negative energy. (rN+++)
You do not regenerate when monsters are visible.
You are immune to unholy pain and torment.
You thrive by killing the living.


Message History

The Ice Fiend is heavily wounded.
You pound the Ice Fiend into fine dust!!!
You kill the Ice Fiend!
Okawaru accepts your kill.
No target in view!
No target in view!
No target in view!
Aiming: Dig
Press: ? - help, Shift-Dir - straight line Digging in that direction won't affect any walls.
A stone wall.
This square is covered in magical glow.
Okay, then.
Unknown command.
There is a large open door here.
A Keah and a balrug come into view.
The balrug shouts!
Keah gestures.
You see here 6 stones.
Keah gestures.
There is a staircase leading out of the dungeon here.
You throw a silver javelin. The silver javelin closely misses Keah.
You throw a silver javelin.
The silver javelin pierces through Keah!!!
Keah is moderately wounded.
You throw a silver javelin.
The silver javelin pierces through Keah!
Keah is moderately wounded.
You throw a silver javelin. The silver javelin closely misses Keah.
The silver javelin pierces through the sun demon!!!
The sun demon is almost dead.
You throw a silver javelin.
The silver javelin pierces through Keah!!
Keah is heavily wounded.
The silver javelin pierces through the sun demon!!
You kill the sun demon!
The sun demon disappears in a puff of smoke!
You block Keah's attack.
Keah gestures.
You have escaped!

#.# #.#(#.#....'..# #.#
#(#.#.#.#.##### ##### #.#
#.#.#.#....#
##...#######.###.#&#.####.#
#....'.........#.#42..2...#
#....##........#4#.3.######
#....##.######.#.#........#
#.#####.# #.#&##########
#.# #.# #.#@.........#
#.#####.######.############
....................# ###
#.#####.###.##.####.# #.#
#.# #.# #.##.# #.# #.#
#.#####.###.##.# #.# #.#
.............#.# #.# #.#
..##.'#####).#.# #.# #.#
..####∩####∩.#.####.# #.#


You could see Keah and an ice devil (summoned).

Vanquished Creatures
  the Royal Jelly (Slime:5)
  5 dread liches
  8 ancient liches
  Tiamat (Zot:1)
  4 orbs of fire
  A juggernaut (Depths:3)
  A pandemonium lord (Depths:4)
  Parghit (Zot:3)
  Bai Suzhen (Vaults:5)
  2 Killer Klowns (Zot:5)
  5 caustic shrikes (Depths:3)
  3 curse toes
  Vashnia (Snake:3)
  Saint Roka (Arena)
  8 golden dragons
  Jory (Crypt:3)
  Nikola (Shoals:3)
  4 bone dragons
  A Tzitzimitl (Zot:3)
  3 doom hounds (Zot:3)
  3 electric golems
  Norris (Elf:1)
  A Hell Sentinel (D:10)
  10 liches
  13 tentacled monstrosities
  Grunn (Zot:3)
  An Ice Fiend (D:1)
  3 deep elf blademasters
  3 titans
  27 Orb Guardians
  6 quicksilver dragons
  2 deep elf master archers (Elf:3)
  4 ancient champions
  2 krakens
  21 acid blobs
  12 death cobs
  7 sphinxes
  Gastronok (D:8)
  9 tengu reavers
  12 shadow dragons
  Aizul (Snake:1)
  13 storm dragons
  14 rockslimes
  7 nagarajas
  Kirke (Snake:1)
  Donald (Snake:3)
  10 azure jellies
  2 revenants
  10 draconian monks
  4 draconian knights
  10 fire giants
  16 frost giants
  9 draconian scorchers
  3 ghost moths
  5 deep elf sorcerers
  A curse skull (Crypt:3)
  4 iron dragons
  A juggernaut zombie (Crypt:3)
  3 balrugs
  5 draconian shifters
  4 deep elf elementalists (Elf:3)
  5 draconian annihilators
  8 draconian stormcallers
  6 ghouls
  15 vault wardens
  Louise (Depths:2)
  3 orc warlords
  2 cacodemons (Depths:1)
  3 demonspawn corrupters
  A juggernaut skeleton (Crypt:2)
  An angel (Shoals:4)
  3 war gargoyles (Crypt:3)
  10 quicksilver oozes
  25 ironbound preservers
  3 reapers
  6 formless jellyfish
  13 stone giants
  14 vampire knights
  21 very ugly things
  2 putrid mouths (Zot:3)
  7 deep elf demonologists
  17 green draconians
  8 ironbound thunderhulks
  A lorocyproca (Depths:4)
  14 purple draconians
  13 red draconians
  18 black draconians
  18 white draconians
  7 deep elf annihilators
  11 yellow draconians
  9 dire elephants
  5 merfolk javelineers (Shoals:4)
  2 mummy priests (Depths:1)
  2 green deaths
  3 blizzard demons
  5 spark wasps (Depths:2)
  5 merfolk impalers
  17 jiangshi
  7 fire dragons
  16 ettins
  An ettin (shapeshifter) (Vaults:3)
  2 eidola
  11 deep elf death magi
  An entropy weaver (D:14)
  A spriggan zombie (Crypt:3)
  9 great orbs of eyes
  Fannar (D:10)
  13 yaktaur captains
  Harold (Lair:2)
  11 deep elf high priests
  3 rakshasas
  45 vault guards
  3 catoblepae (D:14)
  A fenstrider witch zombie (Crypt:3)
  5 hydras
  4 ice dragons
  A merfolk avatar (Lair:5)
  4 ogre magi
  A spriggan air mage (Depths:1)
  3 salamander tyrants (Snake:4)
  3 peacekeepers
  A two-headed ogre (shapeshifter) (Depths:1)
  4 death knights (Crypt:1)
  An alligator snapping turtle (Shoals:4)
  10 ironbound frosthearts
  5 anacondas
  7 centaur warriors
  11 two-headed ogres
  9 boulder beetles
  12 death yaks
  Erica (Lair:1)
  11 deep troll earth magi
  10 merfolk aquamancers (Shoals:4)
  11 deep troll shamans
  A hell hog (Hell)
  5 shock serpents
  11 vampire magi
  7 naga warriors
  33 dancing weapons
  A demonic crawler (Depths:1)
  4 spriggan berserkers
  6 tengu warriors
  An occultist (Depths:1)
  18 naga sharpshooters
  5 orc high priests
  A shock serpent (shapeshifter) (Depths:1)
  2 soul eaters (Depths:1)
  15 deep elf knights
  4 sun demons
  11 hell knights
  A storm dragon skeleton (Vaults:4)
  5 skysharks
  10 iron trolls
  5 salamander mystics
  Amaemon (Lair:1)
  A shadow wraith (Crypt:2)
  2 sixfirhies (Depths:2)
  11 sea snakes
  A fire crab (shapeshifter) (D:13)
  A skyshark (shapeshifter) (Depths:1)
  A death drake (shapeshifter) (Depths:1)
  50 deep trolls
  24 skeletal warriors
  4 cherubim (Shoals:4)
  8 flayed ghosts
  4 glowing orange brains
  2 naga ritualists
  An anaconda zombie (Crypt:3)
  2 shadow demons
  A tengu zombie (Vaults:2)
  9 phantasmal warriors
  21 ironbound convokers
  A sea snake (shapeshifter) (Depths:1)
  15 harpies
  5 lindwurms (Vaults:1)
  A bunyip skeleton (Crypt:3)
  12 necromancers
  7 arcanists
  Pikel (D:6)
  A bog body (Crypt:1)
  An iron dragon zombie (Crypt:3)
  13 deep elf archers
  20 deep elf pyromancers
  25 ugly things
  4 mana vipers
  16 orc knights
  A stone giant zombie (Vaults:4)
  An anaconda skeleton (Crypt:3)
  A harpy (shapeshifter) (Elf:1)
  A frost giant zombie (Vaults:2)
  2 mana vipers (shapeshifter)
  8 cyclopes
  11 deep elf zephyrmancers
  13 salamanders
  A wolf spider (D:15)
  10 fauns
  12 manticores
  3 orc sorcerers
  6 shining eyes
  An apis zombie (Depths:1)
  23 moths of wrath
  Maurice (Orc:2)
  4 centaur zombies
  5 fire giant skeletons (Crypt:3)
  A frost giant skeleton (Crypt:1)
  13 merfolk sirens
  2 stone giant skeletons
  2 elephants (Lair:5)
  3 smoke demons
  20 naga magi
  2 guardian serpents
  2 rust devils
  An ice statue (IceCv)
  2 eyes of devastation
  13 vault sentinels
  23 black mambas
  13 cane toads
  An orange demon (Lair:1)
  A dire elephant skeleton (Crypt:3)
  5 gargoyles
  A kobold demonologist (D:13)
  A grey draconian zombie (Crypt:2)
  5 freezing wraiths
  2 hellions
  4 efreet
  4 tengu conjurers
  10 komodo dragons
  An unseen horror (D:12)
  16 rime drakes
  2 harpy zombies (Crypt:1)
  23 yaktaurs
  6 guardian mummies (Depths:1)
  A human skeleton (Vaults:2)
  An ice devil (Depths:1)
  A polar bear (shapeshifter) (Vaults:5)
  5 tormentors
  21 merfolk
  3 death drake zombies
  A meliai (shapeshifter) (D:14)
  10 polar bears
  19 trolls
  Prince Ribbit (D:6)
  7 wind drakes
  A glass eye (shapeshifter) (Depths:1)
  4 hornets
  2 glass eyes
  A harpy skeleton (Crypt:3)
  8 snapping turtles
  2 dream sheep (shapeshifter)
  20 blink frogs
  2 fire giant simulacra (Depths:1)
  4 dream sheep (Shoals:4)
  An ettin zombie (Vaults:4)
  48 slime creatures
  A spriggan (Depths:4)
  4 shadows
  A spriggan (shapeshifter) (Depths:1)
  A guardian serpent skeleton (Crypt:2)
  8 air elementals
  40 yaks
  12 fire elementals
  7 basilisks
  9 vampires
  11 wraiths
  8 wyverns
  11 fire dragon skeletons (Crypt:3)
  8 golden eyes
  23 water elementals
  4 humans (Snake:1)
  A human (shapeshifter) (Vaults:5)
  2 redbacks (shapeshifter)
  3 redbacks (D:14)
  16 vampire mosquitoes
  A death yak simulacrum (D:13)
  A yaktaur simulacrum (Vaults:1)
  A naga zombie (Crypt:3)
  A small abomination (Depths:4)
  6 steam dragons
  A human simulacrum (Vaults:2)
  14 wargs
  60 nagas
  3 glowing shapeshifter zombies
  3 acid dragons
  21 water moccasins
  An ogre skeleton (Vaults:1)
  31 orc warriors
  A merfolk skeleton (Crypt:1)
  A naga skeleton (Crypt:3)
  A black bear (Lair:2)
  A sky beast (shapeshifter) (Vaults:5)
  An ettin simulacrum (Orc:1)
  A swamp dragon zombie (Crypt:3)
  4 boggarts (Lair:2)
  20 ogres
  22 wolves
  2 lemures (D:6)
  8 centaurs
  A phantom (D:5)
  A rime drake zombie (Crypt:1)
  2 kobold brigands
  19 bullfrogs
  A glowing shapeshifter simulacrum (Depths:1)
  3 gnoll sergeants
  8 earth elementals
  2 cane toad simulacra (D:13)
  4 necrophages
  2 scorpions (D:5)
  A two-headed ogre simulacrum (D:13)
  A wyvern skeleton (Crypt:2)
  22 wights
  4 cyclops skeletons
  2 troll zombies
  2 warg skeletons (Orc:1)
  6 killer bees (D:7)
  A troll skeleton (Orc:1)
  5 howler monkeys
  7 electric eels
  3 lava snakes (Lair:3)
  2 human zombies
  5 jellies
  18 orc priests
  4 hounds
  6 iguanas
  2 sleepcaps
  30 orc wizards
  2 spriggan simulacra (D:13)
  13 hell rats
  A troll simulacrum (D:13)
  An ice beast zombie (Crypt:1)
  An ogre zombie (Orc:1)
  2 mummies (D:10)
  A hound skeleton (Crypt:1)
  2 howler monkey zombies (D:10)
  17 gnolls
  10 adders
  A shadow imp (D:5)
  3 white imps
  An ufetubus (D:5)
  2 worms
  A dart slug (D:3)
  112 orcs
  4 bats
  6 endoplasms
  2 giant cockroaches
  A hobgoblin (shapeshifter) (Vaults:5)
  5 hobgoblins
  7 jackals (D:3)
  15 kobolds
  6 quokkas
  4 ball pythons
  4 frilled lizards
  A frilled lizard skeleton (Crypt:2)
  8 goblins
  A goblin skeleton (D:5)
  2 goblin zombies (D:5)
  A hobgoblin zombie (D:5)
  2 kobold skeletons
  6 orc skeletons
  6 orc zombies
  6 rats
  A rat skeleton (Crypt:1)
  6 tentacles
2522 creatures vanquished.

Vanquished Creatures (others)
  Frederick (Vaults:2)
  An Orb Guardian (Zot:4)
  2 draconian knights (Zot:2)
  A reaper (Depths:2)
  An ogre mage (Vaults:5)
  A naga sharpshooter (Snake:3)
  A shadow wraith (Vaults:5)
  A naga ritualist (Snake:3)
  4 deep elf pyromancers
  A slime creature (D:14)
  A water elemental (Elf:1)
  A naga (Snake:3)
  A necrophage (Crypt:2)
  A hell rat (Hell)
  An orc wizard (D:9)
  A naga simulacrum (D:13)
  An orc (Orc:2)
  8 tentacles
29 creatures vanquished.

Grand Total: 2551 creatures vanquished

Notes
Turn   | Place    | Note
-------+----------+-------------------------------------------
     0 | D:1      | confidenceinterval the Ghoul Gladiator began the quest for
                  | the Orb.
     0 | D:1      | Reached XP level 1. HP: 17/17 MP: 0/0
    84 | D:1      | Reached XP level 2. HP: 24/24 MP: 1/1
    98 | D:1      | Reached skill level 4 in Unarmed Combat
   393 | D:1      | Reached XP level 3. HP: 29/29 MP: 2/2
   417 | D:1      | Found Boekusi's Antique Armour Boutique.
   445 | D:1      | Found Looreole's Weapon Emporium.
   451 | D:1      | Found Ugaoz's Jewellery Shop.
   718 | D:2      | Found a snail-covered altar of Cheibriados.
   921 | D:2      | Reached skill level 5 in Unarmed Combat
  1149 | D:3      | Reached XP level 4. HP: 35/36 MP: 3/3
  1696 | D:3      | Reached XP level 5. HP: 41/45 MP: 4/4
  2166 | D:4      | Reached skill level 1 in Armour
  2286 | D:4      | Reached XP level 6. HP: 52/52 MP: 5/5
  2639 | D:4      | Reached XP level 7. HP: 59/59 MP: 6/6
  2707 | D:4      | Reached skill level 6 in Unarmed Combat
  3212 | D:5      | Entered Level 5 of the Dungeon
  3325 | D:5      | Reached skill level 7 in Unarmed Combat
  3411 | D:5      | Reached skill level 5 in Fighting
  3425 | D:4      | Reached XP level 8. HP: 41/69 MP: 7/7
  3909 | D:5      | Reached skill level 5 in Armour
  4921 | D:6      | Reached skill level 8 in Unarmed Combat
  5005 | D:6      | Reached XP level 9. HP: 68/75 MP: 8/8
  5062 | D:6      | Reached skill level 9 in Unarmed Combat
  5367 | D:6      | Found a stormy altar of Qazlal.
  5432 | D:6      | Noticed Pikel
  5625 | D:6      | Noticed Prince Ribbit
  5639 | D:6      | Killed Prince Ribbit
  5869 | D:6      | Killed Pikel
  5870 | D:6      | Reached skill level 10 in Unarmed Combat
  6173 | D:7      | Reached skill level 11 in Unarmed Combat
  6177 | D:7      | Reached XP level 10. HP: 53/88 MP: 9/9
  6366 | D:7      | Found a shimmering altar of Xom.
  6582 | D:7      | Found a staircase to the Ecumenical Temple.
  6588 | Temple   | Found a transporter.
  6588 | Temple   | Found a transporter.
  6588 | Temple   | Found a transporter.
  6588 | Temple   | Found a transporter.
  6588 | Temple   | Entered the Ecumenical Temple
  6605 | Temple   | Became a worshipper of Warmaster Okawaru
  6839 | D:8      | Reached skill level 1 in Invocations
  7164 | D:8      | Found a broken altar of Ashenzari.
  7310 | D:8      | Noticed Gastronok
  7327 | D:8      | Killed Gastronok
  7327 | D:8      | Reached * piety under Okawaru
  7327 | D:8      | Reached ** piety under Okawaru
  7328 | D:8      | Reached skill level 5 in Invocations
  7757 | D:8      | Noticed a two-headed ogre
  7771 | D:8      | Killed a two-headed ogre
  8103 | D:8      | Reached XP level 11. HP: 79/95 MP: 15/15
  8522 | D:9      | Reached *** piety under Okawaru
  8611 | D:9      | Found an opulent altar of Gozag.
  8839 | D:9      | Noticed a cyclops
  8845 | D:9      | Killed a cyclops
  9292 | D:10     | Entered Level 10 of the Dungeon
  9331 | D:9      | Reached skill level 10 in Fighting
  9392 | D:10     | Reached **** piety under Okawaru
  9429 | D:10     | Noticed a two-headed ogre
  9456 | D:10     | Killed a two-headed ogre
  9527 | D:10     | Found a shimmering blue altar of Sif Muna.
  9566 | D:10     | Found a shadowy altar of Dithmenos.
  9577 | D:10     | Noticed Fannar
  9596 | D:10     | Killed Fannar
  9597 | D:10     | Reached skill level 5 in Dodging
  9650 | D:10     | Reached ***** piety under Okawaru
  9863 | D:10     | Noticed a death yak
  9865 | D:10     | Noticed a death yak
  9866 | D:10     | Noticed a death yak
  9925 | D:9      | Killed a death yak
  9926 | D:9      | Reached skill level 12 in Unarmed Combat
 10242 | D:10     | Found a staircase to the Lair.
 10310 | D:10     | Identified the +10 plate armour of Absence {Harm rC+ Str-4}
 10372 | D:10     | Found a basalt altar of Yredelemnul.
 10457 | D:10     | Found a staircase to the Orcish Mines.
 10470 | D:10     | Reached XP level 12. HP: 106/106 MP: 17/17
 10744 | D:11     | Received a gift from Okawaru
 10745 | D:11     | Reached skill level 13 in Unarmed Combat
 10824 | D:11     | Identified a scroll of acquirement
 10824 | D:11     | Acquired a manual of Unarmed Combat
 10996 | D:11     | Noticed a boulder beetle
 11010 | D:11     | Killed a boulder beetle
 11157 | D:11     | Reached skill level 14 in Unarmed Combat
 11463 | Lair:1   | Entered Level 1 of the Lair of Beasts
 11486 | Lair:1   | Noticed Erica
 11494 | Lair:1   | Killed Erica
 11535 | Lair:1   | Reached skill level 15 in Unarmed Combat
 11657 | Lair:1   | Noticed Amaemon
 11670 | Lair:1   | Killed Amaemon
 11677 | Lair:1   | Reached ****** piety under Okawaru
 11682 | Lair:1   | Acquired a +2 longbow of draining
 11682 | Lair:1   | Received a gift from Okawaru
 11683 | Lair:1   | Acquired a +2 pair of boots of stealth
 11683 | Lair:1   | Received a gift from Okawaru
 11706 | Lair:1   | Received a gift from Okawaru
 11710 | Lair:1   | Reached skill level 10 in Armour
 11902 | Lair:1   | Reached skill level 16 in Unarmed Combat
 12030 | Lair:1   | You fall into a shaft and drop 1 floor!
 12067 | Lair:2   | Noticed a five-headed hydra
 12077 | Lair:2   | Killed a five-headed hydra
 12145 | Lair:2   | Received a gift from Okawaru
 12146 | Lair:2   | Reached XP level 13. HP: 95/116 MP: 15/18
 12469 | Lair:2   | Noticed Harold
 12481 | Lair:2   | Killed Harold
 12849 | Lair:2   | Reached skill level 17 in Unarmed Combat
 13647 | Lair:3   | Received a gift from Okawaru
 13751 | Lair:3   | Found the +8 orange crystal plate armour {Archmagi, Int+3
                  | Clar}
 13974 | Lair:3   | Reached skill level 18 in Unarmed Combat
 14452 | Lair:3   | Found a staircase to the Snake Pit.
 14590 | Lair:3   | Found a staircase to the Shoals.
 14608 | Lair:3   | Received a gift from Okawaru
 14981 | Lair:4   | Found a staircase to the Slime Pits.
 15192 | Lair:4   | Identified the +6 great sword "Arcanum" {heavy, Int+3 SInv
                  | Stlth-}
 15408 | Lair:5   | Entered Level 5 of the Lair of Beasts
 15416 | Lair:5   | Reached XP level 14. HP: 126/126 MP: 19/19
 15486 | Lair:5   | Received a gift from Okawaru
 15840 | Lair:5   | Noticed a dire elephant
 15856 | Lair:5   | Killed a dire elephant
 16066 | Lair:5   | Acquired the +10 shadow dragon scales of Magic {Int+8 Dex+4
                  | Slay-4 Stlth++++}
 16178 | Lair:5   | Reached skill level 1 in Stealth
 16468 | Lair:5   | Received a gift from Okawaru
 17156 | Lair:5   | Found the +8 trident of the Octopus King {venom, rElec
                  | rPois}
 17914 | D:12     | Found Jaadwola's Magic Scroll Shoppe.
 17991 | D:12     | Received a gift from Okawaru
 18376 | D:13     | Found a frozen archway.
 18414 | D:13     | Reached skill level 15 in Armour
 18486 | IceCv    | Entered an ice cave
 18507 | IceCv    | Reached skill level 5 in Stealth
 18762 | IceCv    | Received a gift from Okawaru
 18763 | IceCv    | Reached XP level 15. HP: 127/132 MP: 18/20
 18811 | IceCv    | Reached skill level 19 in Unarmed Combat
 18870 | IceCv    | Noticed a frost giant
 18912 | IceCv    | Killed a frost giant
 19832 | D:13     | Reached skill level 20 in Unarmed Combat
 19833 | D:13     | Received a gift from Okawaru
 20206 | D:12     | Bought a scroll of torment for 114 gold pieces
 20206 | D:12     | Bought a scroll of blinking for 90 gold pieces
 20206 | D:12     | Bought a scroll of blinking for 90 gold pieces
 20301 | D:14     | Found a gate to the Vaults.
 20837 | D:14     | Reached skill level 1 in Shields
 20920 | D:14     | Identified the scarf "Jobapp" {repulsion, rElec rC+ Int+3}
 21066 | D:14     | Found Lebboch's Book Shoppe.
 21078 | D:14     | Received a gift from Okawaru
 21309 | D:14     | Identified the +7 flail "Abowiy" {freeze, Will+ Int-2
                  | Stlth+}
 21761 | D:14     | Found a portal to a secret trove of treasure.
 22031 | D:14     | Received a gift from Okawaru
 22137 | D:15     | Entered Level 15 of the Dungeon
 22293 | D:15     | Reached skill level 5 in Shields
 22534 | D:15     | Found a staircase to the Depths.
 22862 | D:15     | Received a gift from Okawaru
 22863 | D:15     | Reached XP level 16. HP: 146/146 MP: 21/21
 23198 | D:15     | Identified the +1 rapier of Voog Cue {heavy, Int+6 Dex+5}
 23821 | Orc:1    | Entered Level 1 of the Orcish Mines
 24673 | Orc:1    | Found Uploppe's Book Emporium.
 24736 | Orc:2    | Entered Level 2 of the Orcish Mines
 24879 | Orc:2    | Found a staircase to the Elven Halls.
 24892 | Orc:2    | Found Tesiv's Armour Shop.
 24902 | Orc:2    | Received a gift from Okawaru
 25056 | Orc:2    | Found Xemoafem's Antique Weapon Shoppe.
 25056 | Orc:2    | Found Zoledaox's Assorted Antiques.
 25059 | Orc:2    | Found Riuxziricw's General Store.
 25079 | Orc:2    | Reached skill level 10 in Invocations
 25101 | Orc:2    | Received a gift from Okawaru
 25192 | Orc:2    | Bought a scroll of torment for 152 gold pieces
 25230 | Orc:2    | Noticed Maurice
 25237 | Orc:2    | Killed Maurice
 26062 | Snake:1  | Identified the "Uscheh"
 26062 | Snake:1  | Entered Level 1 of the Snake Pit
 26248 | Snake:1  | Identified the serpent talisman "Ruep" {Str+3}
 26248 | Snake:1  | Noticed Aizul
 26273 | Snake:1  | Killed Aizul
 26293 | Snake:1  | Noticed Kirke
 26309 | Snake:1  | Killed Kirke
 26309 | Snake:1  | Received a gift from Okawaru
 26310 | Snake:1  | Reached skill level 21 in Unarmed Combat
 26839 | Snake:1  | Reached skill level 15 in Fighting
 26845 | Snake:1  | Identified the +0 ring mail of Ruhega {rF+ Int+2 Stlth+}
 27091 | Snake:1  | Reached XP level 17. HP: 156/156 MP: 23/23
 27206 | Snake:2  | Found Wanuxiuh's Armour Emporium.
 27327 | Snake:2  | Received a gift from Okawaru
 27420 | Snake:2  | Found Rebbuss's Book Shop.
 27475 | Snake:2  | You fall into a shaft and drop 1 floor!
 27491 | Snake:3  | Noticed Vashnia
 28897 | Snake:2  | Noticed Roxanne
 28937 | Snake:2  | Received a gift from Okawaru
 28955 | Snake:2  | Reached skill level 22 in Unarmed Combat
 29521 | Snake:3  | Identified the +10 dagger of the Eggplant {spect, rElec rF+
                  | rN+}
 29531 | Snake:3  | Noticed Donald
 29544 | Snake:3  | Killed Donald
 30211 | Snake:3  | Killed Vashnia
 30464 | Snake:4  | Entered Level 4 of the Snake Pit
 31037 | Snake:4  | Found a runed translucent gate.
 31038 | Snake:4  | Found a runed translucent gate.
 31039 | Snake:4  | Found a runed translucent gate.
 31040 | Snake:4  | Noticed topfpfpflanze's ghost (adept FeCj)
 31049 | Snake:4  | Received a gift from Okawaru
 31695 | Snake:4  | Identified the +4 spear of War {venom, *Rage Will+ Int+2
                  | Dex+7}
 32429 | Snake:4  | Received a gift from Okawaru
 32430 | Snake:4  | Reached XP level 18. HP: 166/166 MP: 24/24
 32461 | Snake:4  | Got a serpentine rune of Zot
 33031 | Shoals:1 | Entered Level 1 of the Shoals
 33211 | Shoals:1 | You fall into a shaft and drop 1 floor!
 33692 | Shoals:1 | Reached skill level 10 in Shields
 33724 | Shoals:1 | Received a gift from Okawaru
 34281 | Shoals:2 | Found Kakowk's Distillery.
 34774 | Shoals:3 | Noticed Nikola
 34787 | Shoals:3 | Killed Nikola
 35199 | Shoals:3 | Noticed Mara
 35350 | Shoals:4 | Entered Level 4 of the Shoals
 35506 | Shoals:4 | Received a gift from Okawaru
 35828 | Shoals:4 | Identified the +0 scale mail of the Distant Future {*Slow
                  | rElec rF+ Slay+5}
 36512 | Shoals:4 | Received a gift from Okawaru
 37246 | Shoals:4 | Reached XP level 19. HP: 172/172 MP: 26/26
 37348 | Shoals:4 | Got a barnacled rune of Zot
 37369 | Shoals:4 | Upgraded the game from 0.31-a0-1019-g3dd9dd1025 to
                  | 0.31-a0-1027-gfb7600b534
 37699 | Vaults:1 | Entered Level 1 of the Vaults
 37718 | D:14     | Received a gift from Okawaru
 38467 | Vaults:1 | Received a gift from Okawaru
 39846 | Vaults:1 | Received a gift from Okawaru
 40798 | Vaults:2 | Reached skill level 5 in Throwing
 40873 | Vaults:2 | Found Yklimeh's General Store.
 41175 | Vaults:2 | Found Ejenodemiz's General Store.
 41230 | Vaults:2 | Found a large runed translucent door.
 41230 | Vaults:2 | Found a large runed translucent door.
 41230 | Vaults:2 | Found a large runed translucent door.
 41230 | Vaults:2 | Found a large runed translucent door.
 41230 | Vaults:2 | Found a large runed translucent door.
 41230 | Vaults:2 | Found a large runed translucent door.
 41230 | Vaults:2 | Noticed vegansnacktivist's ghost (adept DDFi)
 41231 | Vaults:2 | Found a large runed translucent door.
 41231 | Vaults:2 | Found a large runed translucent door.
 41310 | Vaults:2 | Received a gift from Okawaru
 41491 | Vaults:2 | Found a staircase to the Crypt.
 41719 | Vaults:2 | Found Danogath's Book Shop.
 41904 | Vaults:2 | Reached XP level 20. HP: 111/180 MP: 29/29
 42156 | Vaults:2 | Found Bezoz's Magic Scroll Shoppe.
 42161 | Vaults:2 | Bought a scroll of torment for 104 gold pieces
 42363 | Vaults:3 | Identified the "Mylibahupt"
 42428 | Vaults:3 | Noticed Frederick
 42616 | Vaults:2 | Killed Frederick
 42616 | Vaults:2 | Received a gift from Okawaru
 43323 | Vaults:3 | Reached skill level 15 in Invocations
 43628 | Vaults:3 | Noticed an ancient lich
 43656 | Vaults:3 | Received a gift from Okawaru
 43866 | Vaults:3 | Reached skill level 10 in Throwing
 44010 | Vaults:3 | Identified the ring "Pelemaly" {rElec rPois rF+ Will+}
 44104 | Vaults:3 | Killed an ancient lich
 44263 | Vaults:3 | Found the +3 warlock's mirror {omnireflect}
 44272 | Vaults:3 | Identified the +0 leather armour of the Learner {*Slow
                  | Will++ Stlth+}
 44371 | Vaults:3 | Received a gift from Okawaru
 44589 | Vaults:3 | You fall into a shaft and drop 1 floor!
 44655 | Vaults:3 | Found Neeliruo's Distillery.
 44735 | Vaults:3 | Reached XP level 21. HP: 96/188 MP: 31/31
 45196 | Vaults:3 | Identified the +0 falchion of Sunlight {flame, Int+2}
 45604 | Vaults:4 | Identified the +4 sling of Kismet {elec, rC- rN+ Dex+3}
 45761 | Vaults:4 | Reached skill level 23 in Unarmed Combat
 45880 | Vaults:4 | Received a gift from Okawaru
 46442 | Vaults:4 | Found Qucliaci's Armour Shoppe.
 46854 | Crypt:1  | Entered Level 1 of the Crypt
 47030 | Crypt:1  | Received a gift from Okawaru
 47062 | Crypt:1  | Reached skill level 24 in Unarmed Combat
 47549 | Crypt:1  | Reached skill level 10 in Dodging
 48536 | Crypt:2  | Received a gift from Okawaru
 49155 | Crypt:2  | Reached skill level 10 in Stealth
 49557 | Crypt:1  | Found a basalt altar of Yredelemnul.
 49581 | Crypt:3  | Identified the of Cisif
 49581 | Crypt:3  | Identified the of Nosuyx
 49581 | Crypt:3  | Entered Level 3 of the Crypt
 50372 | Crypt:3  | Noticed Jory
 50387 | Crypt:3  | Killed Jory
 50583 | Crypt:3  | Reached XP level 22. HP: 195/195 MP: 32/32
 50593 | Crypt:3  | Received a gift from Okawaru
 51835 | Crypt:3  | Found an ancient bone altar of Kikubaaqudgha.
 51901 | Crypt:3  | Identified the +1 orcbow of Wyrd {freeze, +Blink rPois rF-
                  | Str+5}
 51928 | Crypt:3  | Noticed a dread lich
 51937 | Crypt:3  | Killed a dread lich
 52413 | Crypt:3  | Found a staircase to the Tomb.
 52787 | Depths:1 | Identified the of Goakanke
 52787 | Depths:1 | Entered Level 1 of the Depths
 53016 | Depths:1 | Found a corrupted altar of Lugonu.
 53016 | Depths:1 | Found a one-way gate to the infinite horrors of the Abyss.
 53121 | Abyss:3  | Cast into level 3 of the Abyss (an occultist)
 53158 | Depths:1 | Escaped the Abyss
 53368 | Depths:1 | Received a gift from Okawaru
 53559 | Depths:1 | Found a sparkling altar of Nemelex Xobeh.
 53742 | Depths:1 | Found a gateway to Hell.
 53812 | Depths:1 | Found a basalt altar of Yredelemnul.
 53814 | Depths:1 | Found an ancient bone altar of Kikubaaqudgha.
 53822 | Depths:1 | Found a shimmering altar of Xom.
 54095 | Depths:1 | Reached skill level 25 in Unarmed Combat
 54507 | Depths:1 | Found a shimmering altar of Xom.
 54575 | Depths:1 | Received a gift from Okawaru
 55251 | Depths:2 | Noticed Louise
 55289 | Depths:2 | Killed Louise
 56027 | Depths:2 | Reached XP level 23. HP: 202/202 MP: 31/33
 56365 | Depths:2 | Received a gift from Okawaru
 56443 | Depths:2 | Reached skill level 26 in Unarmed Combat
 56931 | D:14     | You paid a toll of +2 storm dragon scales to enter a
                  | treasure trove
 56932 | Trove    | Identified the "Wataoss" (Sif Muna gifted it to you in a
                  | treasure trove)
 56932 | Trove    | Identified the "Fesmyisch" (Sif Muna gifted it to you in a
                  | treasure trove)
 56932 | Trove    | Entered a treasure trove
 57387 | Depths:2 | Found a one-way gate leading to the halls of Pandemonium.
 57759 | Depths:2 | Received a gift from Okawaru
 58306 | Depths:3 | Found a one-way gateway to a ziggurat.
 58606 | Depths:3 | Noticed a juggernaut
 58630 | Depths:3 | Killed a juggernaut
 58631 | Depths:3 | Reached skill level 27 in Unarmed Combat
 58638 | Depths:3 | Received a gift from Okawaru
 59081 | Depths:3 | Found a shimmering altar of Xom.
 59090 | Depths:3 | Identified the staff "Corpheli" {Int+3 Earth}
 59090 | Depths:3 | Identified the ring of Lurum {AC+4 Str+3 SInv}
 59523 | Depths:3 | Found Narue's Jewellery Emporium.
 59524 | Depths:3 | Found Lunezihe's Book Shop.
 59526 | Depths:3 | Found Zanin's Jewellery Emporium.
 59993 | Depths:4 | Entered Level 4 of the Depths
 60018 | Depths:4 | Noticed a caustic shrike
 60021 | Depths:4 | Noticed a caustic shrike
 60022 | Depths:4 | Noticed a caustic shrike
 60022 | Depths:4 | Noticed a caustic shrike
 60025 | Depths:4 | Noticed a caustic shrike
 60040 | Depths:3 | Killed a caustic shrike
 60048 | Depths:3 | Killed a caustic shrike
 60060 | Depths:3 | Killed a caustic shrike
 60060 | Depths:3 | Received a gift from Okawaru
 60328 | Depths:3 | Killed a caustic shrike
 60329 | Depths:3 | Reached skill level 15 in Shields
 60334 | Depths:3 | Killed a caustic shrike
 60561 | Depths:4 | Found Cipnirr's Antique Armour Shop.
 60570 | Depths:4 | Bought a glowing helmet for 232 gold pieces
 60681 | Depths:4 | Reached XP level 24. HP: 210/210 MP: 33/33
 61121 | Depths:4 | Received a gift from Okawaru
 61510 | Depths:4 | Found a gate to the Realm of Zot.
 62018 | Elf:1    | Identified the "Seor"
 62018 | Elf:3    | Identified the "Qalazy Xomoi"
 62018 | Slime:1  | Entered Level 1 of the Pits of Slime
 62932 | Slime:5  | Entered Level 5 of the Pits of Slime
 63114 | Slime:5  | Received a gift from Okawaru
 63297 | Slime:5  | Found a viscous altar of Jiyva.
 63375 | Slime:5  | Noticed the Royal Jelly
 63425 | Slime:5  | Killed the Royal Jelly
 63897 | Slime:5  | Got a slimy rune of Zot
 63900 | Slime:5  | Identified the ring "Xaesaoc" {rPois rC- Will++ MP+9 SInv}
 63917 | Slime:5  | Identified the staff of Income {Dex+4 Earth}
 63964 | Slime:5  | Identified the +7 long sword of Intimidation {elec, rElec
                  | rC- rCorr}
 63970 | Slime:5  | Identified the amulet "Ziorcho" {Reflect SH+5 SInv}
 63972 | Slime:5  | Identified the ring of Vistroc {Wiz Int+7 Dex+2}
 63991 | Slime:5  | Identified the +3 leather armour of Ymnecw {rCorr Dex+3
                  | Slay+2}
 64078 | Slime:5  | Identified the +5 dagger "Killer Klown's Death" {flame,
                  | Int+2}
 64351 | Slime:5  | Received a gift from Okawaru
 65951 | Vaults:5 | Entered Level 5 of the Vaults
 65982 | Vaults:5 | Reached skill level 1 in Spellcasting
 66467 | Vaults:5 | Received a gift from Okawaru
 66468 | Vaults:5 | Reached XP level 25. HP: 201/216 MP: 33/33
 66483 | Vaults:5 | Reached skill level 5 in Spellcasting
 66493 | Vaults:5 | Reached skill level 1 in Ice Magic
 67404 | Vaults:4 | Reached skill level 5 in Ice Magic
 67463 | Vaults:5 | Reached skill level 1 in Necromancy
 67715 | Vaults:5 | Received a gift from Okawaru
 67727 | Vaults:4 | Reached skill level 5 in Necromancy
 67853 | Vaults:5 | Noticed a dread lich
 68074 | Vaults:5 | Identified the dragon-blood talisman of Pathos {rN+ MP+9
                  | Str-2}
 68074 | Vaults:5 | Noticed Bai Suzhen
 68091 | Vaults:5 | Killed Bai Suzhen
 68092 | Vaults:5 | Reached skill level 1 in Earth Magic
 68425 | Vaults:5 | Got a silver rune of Zot
 68498 | Vaults:5 | Reached skill level 5 in Earth Magic
 68619 | Vaults:5 | Identified the +3 glaive "Ogrebane" {freeze, rF+ Stlth+}
 68829 | Vaults:5 | Learned a level 5 spell: Borgnjor's Vile Clutch
 68994 | Vaults:5 | Received a gift from Okawaru
 69053 | Vaults:5 | Identified the staff "Noulin" {rF+ Stlth+ Fire}
 69267 | Vaults:5 | Identified the +6 orcbow "Fyecuok" {freeze, +Blink Int+4}
 69490 | Vaults:5 | Identified the +4 shortbow "Guiwe" {flame, rElec Int-2
                  | Dex+8}
 69704 | Vaults:5 | Killed a dread lich
 70985 | Zot:1    | Entered Level 1 of the Realm of Zot
 71290 | Elf:1    | Entered Level 1 of the Elven Halls
 71378 | Elf:1    | Received a gift from Okawaru
 71419 | Elf:1    | Reached skill level 10 in Necromancy
 71449 | Elf:1    | Found a runed translucent gate.
 71449 | Elf:1    | Found a runed translucent gate.
 71449 | Elf:1    | Found a runed translucent gate.
 71449 | Elf:1    | Found a runed translucent gate.
 71449 | Elf:1    | Found a runed translucent gate.
 71464 | Elf:1    | Found a runed translucent gate.
 71818 | Elf:1    | Identified the +3 long sword "Dagyorphep" {heavy, rC+}
 71868 | Elf:1    | Noticed Norris
 71900 | Elf:1    | Killed Norris
 71908 | Elf:1    | Received a gift from Okawaru
 71967 | Elf:1    | Found Yha Luvvo's Armour Shoppe.
 72177 | Elf:1    | Paralysed by an air elemental for 1 turns
 72183 | Elf:1    | Paralysed by an air elemental for 1 turns
 72959 | Elf:2    | Reached XP level 26. HP: 224/224 MP: 33/33
 72981 | Elf:2    | Found a runed translucent gate.
 72981 | Elf:2    | Found a runed translucent gate.
 72981 | Elf:2    | Found a runed translucent gate.
 73958 | Elf:3    | Entered Level 3 of the Elven Halls
 73986 | Elf:3    | Paralysed by an air elemental for 1 turns
 74057 | Elf:3    | Noticed Saint Roka
 74102 | Arena    | Entered the Arena
 74111 | Arena    | Killed Saint Roka
 74543 | Elf:3    | Identified the +3 mace of Classification {spect, rPois
                  | Str+8 Stlth-}
 74956 | Elf:3    | Identified the +0 pearl dragon scales of Keraor {Fly rF+
                  | rN+ Slay+2}
 74956 | Elf:3    | Identified the ring of Etrora {Fly rF++}
 75011 | Elf:3    | Received a gift from Okawaru
 75023 | Elf:3    | Identified the +1 battleaxe "Deuph" {heavy, Will+}
 75317 | Elf:3    | Identified the +4 quarterstaff of Agony {chaos, rF+}
 75693 | Elf:3    | Identified the dragon-blood talisman "Wudaull Deuh" {rC+
                  | rCorr}
 75711 | Elf:3    | Found the +3 pair of gauntlets of War {Slay+5}
 75726 | Elf:3    | Identified the +7 shortbow of the Threshing Lamprey {drain,
                  | Dex+3}
 76051 | Hell     | Entered the Vestibule of Hell
 76051 | Hell     | Noticed Geryon
 77014 | Hell     | HP: 5/224 [reaper/+0 scythe of venom (22)]
 77035 | Hell     | HP: 4/224 [hell knight/+1 halberd (14)]
 77609 | Zot:1    | Found the +4 dragonskin cloak
 77609 | Zot:1    | Noticed Tiamat
 77620 | Zot:1    | Reached skill level 10 in Earth Magic
 78448 | Depths:4 | Received a gift from Okawaru
 79383 | Zot:1    | Killed Tiamat
 81006 | Zot:2    | Received a gift from Okawaru
 81007 | Zot:2    | Reached XP level 27. HP: 234/234 MP: 35/35
 81663 | Zot:2    | You are sucked into a shaft and drop 1 floor!
 82323 | Zot:3    | Received a gift from Okawaru
 82332 | Zot:3    | Noticed Grunn
 82366 | Zot:3    | Killed Grunn
 82367 | Zot:3    | Reached skill level 10 in Spellcasting
 83274 | Zot:2    | Noticed an orb of fire
 83304 | Zot:2    | Killed an orb of fire
 83671 | Zot:2    | Received a gift from Okawaru
 84401 | Zot:4    | Noticed Parghit
 84548 | Zot:3    | Killed Parghit
 84625 | Zot:4    | Reached skill level 15 in Throwing
 85057 | Zot:4    | Received a gift from Okawaru
 85518 | Zot:5    | Entered Level 5 of the Realm of Zot
 86346 | Zot:5    | Received a gift from Okawaru
 87235 | Zot:5    | Noticed a dread lich
 87251 | Zot:5    | Killed a dread lich
 88195 | Zot:5    | Noticed a dread lich
 89531 | Zot:5    | Noticed an orb of fire
 89538 | Zot:5    | Noticed an orb of fire
 89570 | Zot:4    | Killed an orb of fire
 89843 | Zot:5    | Noticed an orb of fire
 89937 | Zot:5    | Killed an orb of fire
 89986 | Zot:5    | Noticed an ancient lich
 89998 | Zot:5    | Killed an ancient lich
 90125 | Zot:5    | Noticed an ancient lich
 90128 | Zot:5    | Noticed an ancient lich
 90141 | Zot:5    | Killed an orb of fire
 90149 | Zot:5    | Killed an ancient lich
 90157 | Zot:5    | Killed an ancient lich
 90222 | Zot:5    | Received a gift from Okawaru
 90520 | Zot:5    | Noticed an ancient lich
 90537 | Zot:5    | Killed an ancient lich
 90548 | Zot:5    | Noticed an ancient lich
 90640 | Zot:5    | Noticed an ancient lich
 90658 | Zot:5    | HP: 8/248 [ancient lich/crystal spear (59)]
 91159 | Zot:5    | Killed an ancient lich
 91688 | Zot:5    | Killed an ancient lich
 91717 | Zot:5    | Noticed a dread lich
 91731 | Zot:5    | Killed a dread lich
 92147 | Zot:5    | Noticed an ancient lich
 92152 | Zot:5    | Killed an ancient lich
 92333 | Zot:5    | Received a gift from Okawaru
 92369 | Zot:5    | Killed a dread lich
 92932 | Zot:5    | Got the Orb of Zot
 93079 | Depths:4 | Noticed Ycai the pandemonium lord
 93105 | Depths:4 | Killed Ycai the pandemonium lord
 93422 | D:10     | Noticed Mounynu the pandemonium lord
 93792 | D:1      | Noticed Keah the pandemonium lord
 93812 | D:$      | Escaped with the Orb!

Illustrated notes

Levels and vault maps discovered:
D:1:      hellmonk_arrival_library, layout_basic, serial_shops, shop,
          nicolae_shop_tiny_glass, shop
D:2:      layout_basic, basic_altar
D:3:      layout_loops_ring
D:4:      layout_cave_pods, dk_rats_in_the_wall
D:5:      layout_basic, nicolae_tso_besieged_by_evil, minmay_manual_monolith
D:6:      layout_gridville, lemuel_round_altar, general_overflow_altar,
          minmay_misc_feat_tower, hangedman_abyss_or_decor_jellyfish_corner,
          st_stairs_2, uniq_prince_ribbit1, uniq_pikel
D:7:      layout_cave_pools, xom_teletrap_fun,
          minmay_temple_entry_enclosed_plants
D:8:      layout_basic, kennysheep_mini, nrook_campfire, chequers_big_river,
          serial_bayou_pond_b, uniq_gastronok
D:9:      layout_roguey, mainiacjoe_overflow_tiny_flanked
D:10:     layout_big_octagon, nicolae_sif_muna_condensation,
          lemuel_mausoleum_altar_yredelemnul,
          mainiacjoe_overflow_six_doors_small, dpeg_lair_monsters,
          minmay_orc_entry_guard_dogs, nicolae_concentric_dashed_squares_mild,
          uniq_fannar
D:11:     layout_gridville
D:12:     layout_irregular_city, serial_shops, nicolae_take_the_stairs
D:13:     layout_layer_cave, portal_ice_cave_entry_ice_simulacra
D:14:     nzn_motion_control, layout_loops_cross,
          lightli_vaults_fourway_checkpoint, nicolae_trove_entry_crystal,
          good_gods_mini_temple, serial_shops, nicolae_shop_behind_doors
D:15:     hangedman_depths_entry_try_elsewhere_first, layout_loops_ring
Temple:   hellmonk_temple_divided_pantheon
Lair:1:   layout_loops_ring, lemuel_fruit_tree, uniq_erica, uniq_amaemon
Lair:2:   layout_cave_pods, serial_bayou_ford_a, kilobyte_rumbling_trees,
          uniq_harold
Lair:3:   layout_regular_city, elwin_shoals_entry_stream,
          nicolae_snake_entry_warm_welcome, fungi_pond_lemuel,
          serial_bayou_shore_a
Lair:4:   layout_big_grid, slime_entry_1, grunt_megastairs_1
Lair:5:   gammafunk_lair_ancient_temple, layout_long_grid, special_room
          [special_room_mythical_zoo]
Shoals:1: layout_shoals, uniq_josephine
Shoals:2: nicolae_shoals_island_circles, layout_shoals, serial_shops,
          nicolae_shop_pleasant_corner_grove
Shoals:3: layout_shoals, wheals_shoals_ruined_temple, uniq_nikola,
          uniq_polyphemus, uniq_mara
Shoals:4: shoals_end_hellmonk_holy_island
Snake:1:  layout_honeycomb, nicolae_snake_snakes_in_the_grass, uniq_aizul,
          uniq_kirke
Snake:2:  layout_layer_cave, serial_shops, nicolae_shop_mannequins, basic_altar,
          minmay_shop_star, uniq_roxanne
Snake:3:  layout_rooms, uniq_vashnia, uniq_donald
Snake:4:  minmay_snake_end_coiled, layout_gridlike, gammafunk_ghost_split
Slime:1:  layout_caves
Slime:2:  layout_caves
Slime:3:  layout_caves, basic_altar, special_room [special_room_jelly]
Slime:4:  layout_caves
Slime:5:  slime_pit_nicolae_block_by_block
Orc:1:    dreamdust_under_siege, layout_caves, serial_shops,
          nicolae_shop_real_fake_doors, nicolae_orc_lava_tube
Orc:2:    st_orc_open, layout_caves, nicolae_orc_stony_grotto, nooodl_orcs_dogs,
          uniq_maurice
Elf:1:    layout_loops_ring, serial_shops, shop, orc_legates,
          small_chamber_with_monster, minmay_misc_feat_diagonals,
          minmay_misc_feat_columns, st_stairs_12, minivault_16,
          minmay_misc_feat_rows, nicolae_elf_loose_elemental_storage,
          uniq_norris
Elf:2:    elven_hall_of_blades_hangedman_original [nooodl_blade_entry_preview],
          layout_gridlike, nicolae_elf_m_pinch
Elf:3:    elf_hall, layout_gridlike, uniq_saint_roka
Vaults:1: nicolae_vaults_steering_wheel, nicolae_vaults_tetromino_Z_2,
          vaults_standard_mumra_enter_the_diamond,
          nicolae_vaults_know_your_exits, nicolae_vaults_closet_pinwheel_2,
          nicolae_vaults_big_ls, nicolae_vaults_rhombus_7, ontoclasm_vaults_eye,
          v_misc_10, layout_vaults_ring
Vaults:2: advil_vaults_ghost_lines, nicolae_vaults_hallways_thing,
          nicolae_vaults_tetromino_Z_2, vaults_dpeg_hooks,
          minmay_crypt_entry_vampire_xt, nicolae_vaults_mitosis,
          grunt_vaults_twisty, nicolae_vaults_little_squares_6,
          ontoclasm_vaults_twist, v_rooms_3, vaults_dpeg_doors,
          nicolae_vaults_little_ls, nicolae_vaults_trapezoid_lopsided_1,
          grunt_vaults_funnel, layout_vaults_big_cross, serial_shops, shop,
          shop, shop, shop_statue, shop
Vaults:3: st_greater_box_4, nicolae_vaults_turnstiles, ontoclasm_vaults_chip,
          vaults_room_large_hall, nicolae_vaults_weapon_check,
          nicolae_vaults_little_squares_4, nicolae_vaults_shelves_hall,
          hangedman_vaults_trim, grunt_vaults_hallway_long, v_misc_24,
          layout_vaults_maze_snakey, serial_shops, nicolae_shop_statue_plus,
          uniq_frederick
Vaults:4: nicolae_vaults_little_squares_5, nicolae_vaults_mini_display_case,
          v_misc_9, nicolae_vaults_cornered_office, vaults_mumra_minichess,
          vaults_mumra_chevron_long, vaults_dpeg_encased_lava,
          nicolae_vaults_heart-shaped_vault, nicolae_vaults_house_2,
          nicolae_vaults_trapezoid_lopsided_3, nicolae_vaults_tetromino_L_1,
          nicolae_vaults_little_squares_1, vaults_mumra_hex,
          nicolae_vaults_house_2, layout_vaults_big_room, serial_shops,
          nicolae_shop_trees
Vaults:5: serial_shops, uniq_bai_suzhen
Crypt:1:  layout_rooms, st_stairs_11, grunt_crypt_arrival_webbed,
          lemuel_upstairs_altar
Crypt:2:  layout_regular_city, grunt_megastairs_3
Crypt:3:  quadcrypt_mu, uniq_jory
Depths:1: skrybe_chaotic_catacombs, layout_basic, lemuel_doored_altar,
          hell_entry, abyss_entry_flame_altar, hangedman_research_probablistics
Depths:2: nzn_winding_woodlands_small [nzn_winding_woodlands_5x15_pool,
          nzn_winding_woodlands_center_triple_pond,
          nzn_winding_woodlands_5x15_sawtooth], layout_long_grid,
          serial_bayou_pond_d, nicolae_abyss_entry_one_way_or_another,
          pf_dread_powers_of_hell, grunt_pan_entry_zigzag,
          infiniplex_staircase_pillars_2
Depths:3: minmay_the_grid_square_5x5_3x3 [minmay_the_grid_square_5x5_c,
          minmay_the_grid_square_5x5_shrine1,
          minmay_the_grid_square_5x5_shuriken,
          minmay_the_grid_square_5x5_checkered,
          minmay_the_grid_square_5x5_megaprize_checkered,
          minmay_the_grid_square_5x5_tie, minmay_the_grid_square_5x5_gyroscope,
          minmay_the_grid_square_5x5_two_walls_a,
          minmay_the_grid_square_5x5_corner], layout_basic, enter_ziggurat_f,
          abyss_entry, hell_entry, serial_corexii_hall, corexii_hall_statues_x,
          chequers_hall_statues_corner_a, minmay_shop_grove
Depths:4: grunt_zot_entry_gee_three, layout_cave_shapes, hell_entry,
          grunt_pan_entry_in_and_out, serial_shops, nicolae_square_shop,
          abyss_entry
Hell
Zot:1:    layout_basic, uniq_tiamat
Zot:2:    layout_basic
Zot:3:    layout_gridlike, skrybe_zot_glass_2, uniq_grunn
Zot:4:    layout_misc_corridors, regret_index_zotdec_carving_tricks,
          uniq_parghit
Zot:5:    layout_misc_corridors

Skill      XL: |  1  2  3  4  5  6  7  8  9 10 11 12 13 14 15 16 17 18 19 20 21 22 23 24 25 26 27 |
---------------+----------------------------------------------------------------------------------+-----
Unarmed Combat | 4 5 7 8 11 12 16 18 20 21 22 24 25 27 | 27.0
Fighting       | 3 4 5 6 8 10 11 12 14 15 16 21 | 21.0
Armour         | 2 4 6 8 10 12 15 16 18 20 | 20.0
Invocations    | 6 8 10 13 15 | 15.0
Dodging        | 5 8 9 10 11 12 | 12.0
Stealth        | 5 10 | 10.0
Shields        | 5 8 11 13 15 18 | 18.0
Throwing       | 6 10 12 18 | 18.8
Spellcasting   | 4 6 9 10 | 10.0
Ice Magic      | 5 |  5.0
Necromancy     | 12 14 | 14.0
Earth Magic    | 7 12 | 12.0

Action                     |  1- 3 |  4- 6 |  7- 9 | 10-12 | 13-15 | 16-18 | 19-21 | 22-24 | 25-27 || total
---------------------------+-------+-------+-------+-------+-------+-------+-------+-------+-------++-------
  Melee: Unarmed           |   106 |   191 |   345 |   621 |  1154 |  1962 |  1989 |  1996 |  2877 || 11241
         Punch             |       |     9 |    22 |    44 |    95 |       |       |       |       ||   170
  Throw: Dart              |       |       |       |    11 |       |     1 |     1 |       |       ||    13
         Throwing net      |       |       |       |     1 |       |       |       |       |       ||     1
         Javelin           |       |       |       |       |     1 |     1 |    23 |   111 |   135 ||   271
   Cast: Borgnjor's Vile C |       |       |       |       |       |       |       |       |    14 ||    14
 Invoke: Receive Weapon    |       |       |       |     1 |       |       |       |       |       ||     1
         Receive Armour    |       |       |       |     1 |       |       |       |       |       ||     1
         Heroism           |       |       |       |       |       |     3 |     7 |     4 |    17 ||    31
         Duel              |       |       |       |       |       |       |       |       |     1 ||     1
         Finesse           |       |       |       |       |       |       |       |       |     3 ||     3
  Evoke: Wand              |       |       |       |     8 |     2 |     1 |       |       |       ||    11
    Use: Scroll            |     6 |     7 |     3 |    12 |    10 |     1 |     2 |    12 |     9 ||    62
         Potion            |       |       |       |     1 |       |     1 |       |     4 |    13 ||    19
   Stab: Distracted        |       |     1 |       |       |     1 |     7 |     8 |     5 |     9 ||    31
         Held in net/web   |       |       |       |     2 |       |       |       |       |       ||     2
         Sleeping          |       |       |       |       |    11 |    24 |    21 |    30 |    23 ||   109
         Petrified         |       |       |       |       |     4 |       |       |       |       ||     4
         Petrifying        |       |       |       |       |     1 |       |       |       |       ||     1
         Invisible         |       |       |       |       |       |       |       |     2 |       ||     2
 Armour: Leather armour    |    65 |    25 |   199 |   144 |       |       |       |       |       ||   433
         Chain mail        |       |    81 |       |       |       |       |       |       |       ||    81
         Troll leather arm |       |       |       |   117 |       |       |       |       |       ||   117
         Plate armour      |       |       |       |   164 |   192 |       |       |       |       ||   356
         Crystal plate arm |       |       |       |       |   298 |       |       |       |       ||   298
         Shadow dragon sca |       |       |       |       |   414 |  1109 |   805 |   842 |  1192 ||  4362
         Gold dragon scale |       |       |       |       |       |       |       |       |   440 ||   440
         Pearl dragon scal |       |       |       |       |       |       |       |       |    62 ||    62
  Dodge: Dodged            |    55 |    62 |   190 |   296 |   597 |  1140 |   656 |   552 |   774 ||  4322
         Repelled          |       |       |       |       |     1 |    50 |    11 |    19 |    16 ||    97
  Block: Buckler           |       |       |       |       |    42 |   473 |   179 |       |       ||   694
         Kite shield       |       |       |       |       |       |       |  1024 |  1377 |  2162 ||  4563
         Reflection        |       |       |       |       |       |       |    47 |    15 |    65 ||   127

Table legend: (Time is in decaauts)
 A = Elapsed time spent in this place.
 B = Non-inter-level travel time spent in this place.
 C = Inter-level travel time spent in this place.
 D = Time resting spent in this place.
 E = Time spent auto-exploring this place.
 F = Levels seen in this place.
 G = Mean time per level.
                   A        B        C        D        E       F      G
               +--------+--------+--------+--------+--------+-----+--------+
         Total |  89928 |  83552 |   6376 |  30650 |  34802 |  61 | 1474.2 |
       Dungeon |  19297 |  16683 |   2614 |   4596 |   8333 |  15 | 1286.5 |
        Temple |     33 |     33 |      0 |      0 |      0 |   1 |   33.0 |
          Lair |   6234 |   5502 |    732 |    725 |   3505 |   5 | 1246.8 |
        Shoals |   4434 |   4269 |    165 |   1555 |   1685 |   4 | 1108.5 |
     Snake Pit |   6594 |   6349 |    245 |   2193 |   2757 |   4 | 1648.5 |
    Slime Pits |   3400 |   3319 |     81 |   1201 |   1521 |   5 |  680.0 |
  Orcish Mines |   2094 |   1850 |    244 |     12 |   1297 |   2 | 1047.0 |
   Elven Halls |   4190 |   3981 |    209 |    926 |   2038 |   3 | 1396.7 |
        Vaults |  13204 |  12302 |    902 |   4503 |   5139 |   5 | 2640.8 |
         Crypt |   5490 |   5335 |    155 |   1969 |   2055 |   3 | 1830.0 |
        Depths |  10957 |  10276 |    681 |   5361 |   2978 |   4 | 2739.2 |
          Hell |     74 |     74 |      0 |      0 |      0 |   1 |   74.0 |
           Zot |  13130 |  12788 |    342 |   7555 |   3093 |   5 | 2626.0 |
         Abyss |     35 |     35 |      0 |      0 |     16 |   1 |   35.0 |
         Trove |     91 |     91 |      0 |      0 |     13 |   1 |   91.0 |
      Ice Cave |    637 |    637 |      0 |     28 |    367 |   1 |  637.0 |
         Arena |     27 |     27 |      0 |     21 |      0 |   1 |   27.0 |
               +--------+--------+--------+--------+--------+-----+--------+

Top non-repeatable levels by time:
   Zot:5: 6502 daAuts
Depths:1: 3915 daAuts
Vaults:4: 2977 daAuts
Depths:4: 2973 daAuts
Vaults:5: 2918 daAuts
 Crypt:3: 2893 daAuts
Vaults:1: 2589 daAuts
Vaults:3: 2421 daAuts
    D:14: 2399 daAuts
Vaults:2: 2296 daAuts
 Slime:5: 2175 daAuts
Depths:2: 2048 daAuts
Depths:3: 2020 daAuts
    D:13: 1945 daAuts
 Snake:2: 1928 daAuts
